 Dungeon Crawl Stone Soup version 0.18.0-1-g0107ab7 (webtiles) character file.

37 Wooh the Slasher (level 3, -2/34 HPs)
             Began as a Naga Berserker on May 5, 2016.
             Was a Follower of Trog.
             Slain by a goblin (3 damage)
             ... on level 1 of the Dungeon.
             The game lasted 00:02:50 (1264 turns).

Wooh the Slasher (Naga Berserker)                   Turns: 1264, Time: 00:02:51

Health: -2/34      AC:  2    Str: 19    XL:     3   Next: 39%
Magic:  3/3        EV: 10    Int:  7    God:    Trog [*.....]
Gold:   36         SH:  0    Dex: 11    Spells: 0 memorised, 2 levels left

rFire  . . .     SeeInvis +     a - +0 falchion
rCold  + . .     Gourm    .     b - +0 animal skin
rNeg   . . .     Faith    .     (no shield)
rPois  +         Spirit   .     (no helmet)
rElec  .         Dismiss  .     (no cloak)
rCorr  .         Reflect  .     (no gloves)
SustAt .         Harm     .     (no barding)
MR     .....                    (no amulet)
Stlth  +.........               (no ring)
                                e - ring of protection from cold

@: exhausted, very slow, not resistant to hostile enchantments, very unstealthy
A: see invisible, deformed body, poison resistance, slowness 2, slow metabolism
1, spit poison 2, AC +1
a: Spit Poison, Berserk, Burn Spellbooks, Renounce Religion


You were on level 1 of the Dungeon.
You worshipped Trog.
Trog was aware of your devotion.
You were near starving.

You visited 1 branch of the dungeon, and saw 2 of its levels.

You collected 36 gold pieces.

Inventory:

Hand Weapons
 a - a +0 falchion (weapon)
Missiles
 i - 19 arrows
Armour
 b - a +0 animal skin (worn)
Jewellery
 e - a ring of protection from cold (left hand)
Scrolls
 h - a scroll of magic mapping {unknown}
Potions
 d - a potion of degeneration {unknown}
Comestibles
 c - a bread ration
 g - a meat ration


   Skills:
 - Level 3.0 Fighting
 + Level 4.3 Long Blades
 - Level 1.5 Armour
 - Level 1.5 Dodging


You had 2 spell levels left.
You didn't know any spells.

Dungeon Overview and Level Annotations

Branches:
Dungeon (2/15)

Altars:

Annotations:
D:2 Sigmund


Innate Abilities, Weirdness & Mutations

You cannot wear boots.
Your serpentine skin is tough (AC +1).
You have supernaturally acute eyesight.
Armour fits poorly on your strangely shaped body.
Your system is resistant to poisons.
You cover ground very slowly.
You have a slow metabolism.
You can spit poison.


Message History

The goblin shouts!
The goblin hits you.
* * * LOW HITPOINT WARNING * * *
You are too injured to fight recklessly!
You barely miss the goblin.
You are near starving!
The goblin hits you.
* * * LOW HITPOINT WARNING * * *
The goblin hits you but does no damage.
You barely miss the goblin. The goblin hits you.
* * * LOW HITPOINT WARNING * * *
You closely miss the goblin. The goblin hits you but does no damage.
The goblin hits you.
* * * LOW HITPOINT WARNING * * *
You hit the goblin but do no damage.
You feel yourself speed up. The goblin hits you.
* * * LOW HITPOINT WARNING * * *
The goblin hits you.
You die...

# #†#####.###.........#
#.# # #.......#
#.........# #.# #
#.......# #......)..# #.#
# #.......# #.........#
#.# #......## #.........#
#.# #......# #..>......#
#.# ####
#.#'#######.........####.#
...#
#.#.......'..............#
...#
#.#########@........######
...###..........g........#
...'..)########..........#
...###.# #.########## ####
#.# #.# ##'##### #.#
#......# #.# #####......#
#.# ....#......# #.#


You could see a goblin.

Vanquished Creatures
  2 dart slugs (D:1)
  A giant cockroach (D:1)
  2 goblins (D:1)
  5 hobgoblins (D:1)
  4 jackals (D:1)
  A kobold (D:1)
  4 bats (D:1)
  10 giant newts (D:1)
  4 rats (D:1)
33 creatures vanquished.

Notes
Turn   | Place    | Note
--------------------------------------------------------------
     0 | D:1      | Wooh the Naga Berserker began the quest for the Orb.
     0 | D:1      | Reached XP level 1. HP: 21/21 MP: 1/1
   333 | D:1      | HP: 1/31 [hobgoblin/club (3)]
   334 | D:1      | Reached XP level 2. HP: 2/28 MP: 2/2
   790 | D:1      | Reached skill level 4 in Long Blades
   799 | D:1      | Reached XP level 3. HP: 24/34 MP: 3/3
  1245 | D:2      | Noticed Sigmund
  1264 | D:1      | HP: 1/34 [goblin (3)]
  1264 | D:1      | Slain by a goblin

Skill      XL: |  1  2 |
---------------+-------+-----
Long Blades    | 4 |  4.3
Fighting       | |  3.0
Armour         | |  1.5
Dodging        | |  1.5

Action                   || total
-------------------------++-------
Melee: Falchion          ||    96
Invok: Berserk           ||     3
 Stab: Sleeping          ||     2
  Eat: Chunk             ||     2
Armor: Animal skin       ||    24
Dodge: Dodged            ||    52
